 Dungeon Crawl Stone Soup version 0.21-a0-630-g344d351 (webtiles) character file.

232 Inus the Skirmisher (level 6, 0/72 HPs)
             Began as an Ogre Arcane Marksman on Dec 25, 2017.
             Slain by an orc wizard
             ... wielding a +0 dagger
              (5 damage)
             ... on level 2 of the Dungeon.
             The game lasted 00:08:59 (3155 turns).

Inus the Skirmisher (Ogre Arcane Marksman)          Turns: 3155, Time: 00:09:00

Health: 0/72       AC:  4    Str: 15 (17) XL:     6   Next: 4%
Magic:  7/7        EV: 10    Int: 13 (14) God:
Gold:   182        SH:  0    Dex:  8 (9)  Spells: 4/7 levels left

rFire    . . .     SeeInvis .   o - +1 morningstar
rCold    . . .     Gourm    .   (no shield)
rNeg     . . .     Faith    .   a - +1 robe
rPois    .         Spirit   .   (helmet restricted)
rElec    .         Reflect  .   (no cloak)
rCorr    .         Harm     .   (gloves unavailable)
MR       .....                  (boots unavailable)
Stlth    +.........             (no amulet)
HPRegen  0.22/turn              (no ring)
MPRegen  0.10/turn              (no ring)

@: no status effects
A: large, unfitting armour, tough skin 1
a: no special abilities


You were on level 2 of the Dungeon.
You were hungry.

You visited 1 branch of the dungeon, and saw 3 of its levels.

You collected 182 gold pieces.

Inventory:

Hand Weapons
 o - a +1 morningstar (weapon)
Missiles
 d - 2 throwing nets (quivered)
Armour
 a - a +1 robe (worn)
Jewellery
 e - an uncursed ring of wizardry {unknown}
Wands
 r - a wand of polymorph (4)
Scrolls
 j - 2 scrolls of blinking
 l - 3 scrolls of teleportation
Potions
 i - a potion of flight
Books
 b - a book of Debilitation

   Spells                             Type                      Level
   a - Corona                         Hexes                        1
   b - Slow                           Hexes                        2
   c - Inner Flame                    Hexes/Fire                   3
   d - Portal Projectile              Hexes/Translocation          3
   e - Cause Fear                     Hexes                        4
   f - Leda's Liquefaction            Hexes/Earth                  4
Comestibles
 c - 12 chunks of flesh
 f - 2 rations


   Skills:
 + Level 7.7 Fighting
 - Level 2.0 Throwing
 - Level 1.7 Dodging
 - Level 1.2 Spellcasting
 - Level 2.6 Hexes


You had 4 spell levels left.
You knew the following spells:

 Your Spells              Type           Power        Failure   Level  Hunger
a - Corona                Hex            #......      9%          1    ##.....
b - Slow                  Hex            #.......     14%         2    ###....


Dungeon Overview and Level Annotations

Branches:
Dungeon (3/15)

Altars:


Innate Abilities, Weirdness & Mutations

You are too large for most types of armour.
You have tough skin. (AC +1)


Message History

You are confused.
You closely miss something. Something hits you.
* * * LOW HITPOINT WARNING * * *
Something hits you but does no damage.
You bump into the rock wall.
Something hits you.
* * * LOW HITPOINT WARNING * * *
You miss something. Something completely misses you.
You closely miss something.
You hear some strange, mumbled words.
A puff of flame appears from out of thin air!
The puff of flame hits you!
* * * LOW HITPOINT WARNING * * *
Something hits you but does no damage.
Okay, then.
You're too confused!
You bump into the rock wall.
Something hits you but does no damage.
You miss something.
You feel less confused. Something hits you.
You die...

#.......#####.#### #####
#...###.# #)# ##...##
##...###.## #.#
#.###.#####.###.....## #.#
#.#.........# #......###.####
#.#.#.#####.###..............
##...#### ##....##...##..#..#
##.###.## #.#..##..[)..###..
#.##.#.###@#o>##..###(.#..#
#...###.##{#§.##..####.....
####.#<###o§§..............
##.## ##§§.##..##..#..## #.#
#.............)# #.#
#...........##.## #.#
#.####..##.###... #.# #.#
#...[.#..... #.# #.#
#.#####.###.


You could see an orc.

Vanquished Creatures
  A howler monkey (D:2)
  Natasha (thrice) (D:2)
  An orc wizard (D:2)
  An adder (D:2)
  4 worms
  A dart slug (D:2)
  3 leopard geckos
  7 orcs
  A ball python (D:1)
  A giant cockroach (D:1)
  10 goblins
  2 hobgoblins (D:1)
  3 jackals (D:2)
  2 quokkas (D:2)
  8 bats
  5 frilled lizards
  7 kobolds
  7 rats
67 creatures vanquished.

Notes
Turn   | Place    | Note
-------+----------+-------------------------------------------
     0 | D:1      | Inus the Ogre Arcane Marksman began the quest for the Orb.
     0 | D:1      | Reached XP level 1. HP: 19/19 MP: 2/2
    69 | D:1      | HP: 1/20 [hobgoblin/club (3)]
    74 | D:1      | Reached skill level 2 in Fighting
   286 | D:1      | Reached XP level 2. HP: 18/29 MP: 3/3
   552 | D:1      | Reached skill level 3 in Fighting
  1076 | D:2      | Learned a level 2 spell: Slow
  1109 | D:2      | Reached XP level 3. HP: 10/39 MP: 2/4
  1184 | D:2      | Reached skill level 4 in Fighting
  1210 | D:2      | Noticed Natasha
  1211 | D:2      | Killed Natasha
  1223 | D:2      | Reached skill level 5 in Fighting
  1223 | D:2      | Reached XP level 4. HP: 13/50 MP: 5/5
  1912 | D:2      | Reached skill level 6 in Fighting
  1912 | D:2      | Reached XP level 5. HP: 39/59 MP: 6/6
  2002 | D:2      | Noticed Natasha
  2002 | D:2      | Killed Natasha
  2061 | D:2      | Noticed Natasha
  2091 | D:2      | HP: 3/61 [Natasha (8)]
  2092 | D:2      | Killed Natasha
  2404 | D:2      | Reached skill level 7 in Fighting
  2877 | D:3      | Noticed Sigmund
  3022 | D:3      | Noticed Sigmund
  3022 | D:3      | Sigmund changed into Sigmund the gnoll
  3032 | D:3      | Noticed Sigmund
  3032 | D:3      | Sigmund the gnoll changed into Sigmund the goblin
  3037 | D:3      | Killed Sigmund the goblin
  3078 | D:3      | Reached XP level 6. HP: 62/71 MP: 7/7
  3155 | D:2      | Slain by an orc wizard

Vault maps used:
D:1:      eino_arrival_tree_alley, minmay_tetromino_i2
D:2:      feat_on_display, uniq_natasha
D:3:      uniq_sigmund

Skill      XL: |  1  2  3  4  5 |
---------------+----------------+-----
Fighting       | 2 3 5 6 7 |  7.7
Throwing       | |  2.0
Dodging        | |  1.7
Spellcasting   | |  1.2
Hexes          | |  2.6

Action                   |  1- 3 |  4- 6 || total
-------------------------+-------+-------++-------
Melee: Unarmed           |    12 |     2 ||    14
       Club              |    39 |       ||    39
       Mace              |    29 |    16 ||    45
       Morningstar       |       |   104 ||   104
Throw: Large rock        |    16 |    14 ||    30
 Cast: Corona            |     2 |       ||     2
Evoke: Wand              |       |     4 ||     4
  Use: Potion            |       |     6 ||     6
       Scroll            |       |     6 ||     6
 Stab: Distracted        |       |     1 ||     1
  Eat: Chunk             |       |     7 ||     7
Armor: Robe              |    15 |    46 ||    61
       Skin              |       |    29 ||    29
Dodge: Dodged            |    53 |   103 ||   156

Table legend:
 A = Spawn XP
 B = Non-spawn XP
 C = Spawn XP percentage of total XP
 D = Spawn monster count
 E = Non-spawn monster count
 F = Spawn count percentage of total count
 G = Total turns spent on level
                    A         B        C        D         E        F      G
               +---------+---------+-------+---------+---------+-------+---------
         Total |       0 |     332 |   0.0 |       0 |      67 |   0.0 |  3155
               +---------+---------+-------+---------+---------+-------+---------
           D:1 |       0 |      27 |   0.0 |       0 |      19 |   0.0 |  1072
           D:2 |       0 |     276 |   0.0 |       0 |      37 |   0.0 |  1936
           D:3 |       0 |      29 |   0.0 |       0 |      11 |   0.0 |   147
               +---------+---------+-------+---------+---------+-------+---------
